 Dungeon Crawl Stone Soup version 0.29.1-1-gd02db6906a (webtiles) character file.

Game seed: 10802770216058363990

4419 quakins the Severer (level 10, -1/77 HPs)
             Began as a Minotaur Berserker on Oct 2, 2022.
             Was an Elder of Trog.
             Slain by a vampire (3 damage)
             ... on level 9 of the Dungeon.
             The game lasted 00:20:37 (7791 turns).

quakins the Severer (Minotaur Berserker)            Turns: 7791, Time: 00:20:37

Health: -1/77      AC:  8    Str: 33    XL:     10   Next: 14%
Magic:  9/9        EV: 11    Int:  4    God:    Trog [****..]
Gold:   459        SH:  7    Dex:  9    Spells: 9/9 levels left

rFire   . . .      SeeInvis .   t - +0 war axe
rCold   + . .      Faith    .   p - +1 kite shield
rNeg    . . .      Spirit   .   F - +0 chain mail {rC+}
rPois   .          Reflect  .   (helmet restricted)
rElec   .          Harm     .   (no cloak)
rCorr   .          Rampage  .   (no gloves)
Will    .....                   (no boots)
Stlth   ..........              (no amulet)
HPRegen 0.22/turn               x - +6 ring of strength
MPRegen 0.11/turn               e - +4 ring of evasion

@: no status effects
A: horns 2, retaliatory headbutt
a: Renounce Religion, Berserk, Trog's Hand, Brothers in Arms


You were on level 9 of the Dungeon.
You worshipped Trog.
Trog was greatly pleased with you.
You visited 1 branch of the dungeon, and saw 9 of its levels.

You collected 459 gold pieces.

Inventory:

Hand Weapons
 t - a +0 war axe (weapon)
 C - a +0 hand axe of draining
Armour
 p - a +1 kite shield (worn)
 F - a +0 chain mail of cold resistance (worn)
Jewellery
 b - a ring of ice
 d - a +4 ring of protection
 e - a +4 ring of evasion (right hand)
 k - a ring of protection from fire
 o - a ring of poison resistance
 q - an amulet of magic regeneration
 v - a ring of ice
 x - a +6 ring of strength (left hand)
Wands
 y - a wand of charming (7)
 E - a wand of iceblast (5)
Scrolls
 f - 2 scrolls of fear
 l - a scroll of magic mapping
 n - 4 scrolls of teleportation
 s - a scroll of blinking
Potions
 a - 2 potions of haste
 c - 3 potions of might
 g - a potion of flight
 h - 2 potions of magic
 i - a potion of cancellation
 j - a potion of degeneration
 m - 2 potions of heal wounds
 r - 5 potions of curing
 w - 3 potions of lignification
 z - 2 potions of resistance
 A - 4 potions of brilliance
 B - a potion of mutation {unknown}
 D - a potion of attraction {unknown}


   Skills:
 - Level 3.6 Fighting
 + Level 17.4 Axes
 - Level 2.4 Armour
 - Level 2.1 Dodging


You had 9 spell levels left.
You didn't know any spells.
Your spell library was empty.

Dungeon Overview and Level Annotations

Branches:
Dungeon (9/15)             Temple (0/1) D:6
   Lair: D:8-11         Orc: D:9-12

Altars:
Ashenzari
Hepliaklqana
Nemelex Xobeh
Okawaru
Sif Muna
Vehumet
Xom

Shops:
D:4 =


Innate Abilities, Weirdness & Mutations

You have a pair of horns on your head.
You reflexively headbutt those who attack you in melee.


Message History

Something bites you but does no damage.
You slash something! Your headbutt misses something.
You completely miss something. Your headbutt misses something.
You hear some strange, mumbled words.
Something tries to affect you, but you resist.
Found a potion of brilliance.
You recover from your berserk rage.
Something hits you! Something bites you!
Something draws strength from your injuries!
You hit something but do no damage. Something hits you but does no damage.
Something bites you!
* * * LOW HITPOINT WARNING * * *
Something draws strength from your injuries!
Something hits you.
* * * LOW HITPOINT WARNING * * *
Something bites you.
* * * LOW HITPOINT WARNING * * *
Something draws strength from your injuries!
You feel much better.
You feel less confused. Something hits you!
* * * LOW HITPOINT WARNING * * *
Something bites you but does no damage.
You hit something but do no damage. Something completely misses you.
Something bites you!
* * * LOW HITPOINT WARNING * * *
Something draws strength from your injuries!
You slash something! Something hits you but does no damage.
Something bites you.
* * * LOW HITPOINT WARNING * * *
Something draws strength from your injuries!
You hit something. You headbutt something. You block something's attack.
Something bites you.
* * * LOW HITPOINT WARNING * * *
Something draws strength from your injuries!
You slash something! Your headbutt misses something. Something hits you.
* * * LOW HITPOINT WARNING * * *
You block something's attack.
You hit something but do no damage. Something hits you.
You die...

# #. # . #.#. #.
#.#.#.### #.###
..>..... ...# .....#
#.### #.#)#########...#
#.........#...#.##
#.###{.####.#.#.#..####
#!)...@...............)
###########.#.#####...#
#.#.# #.... #.#.# #.#.#
#.#.# #.#.# #.#.# #.#..
#+#.# #.#.. .# #.#.#
#..


There were no monsters in sight!

Vanquished Creatures
  An ugly thing (D:8)
  A gargoyle (D:7)
  Grinder (D:3)
  Sigmund (D:2)
  Edmund (D:4)
  2 water moccasins
  A sky beast (D:7)
  3 black bears
  An ice beast (D:6)
  3 ogres (D:5)
  A centaur (D:5)
  A phantom (D:4)
  5 kobold brigands
  4 bullfrogs
  2 gnoll sergeants
  2 necrophages
  A scorpion (D:6)
  9 wights (D:7)
  3 howler monkeys
  2 jellies (D:6)
  3 orc priests
  Terence (D:2)
  Jessica (D:2)
  2 iguanas
  8 orc wizards
  8 gnolls
  4 adders
  2 shadow imps
  An ufetubus (D:6)
  A worm (D:3)
  2 dart slugs (D:3)
  21 orcs
  5 endoplasms
  2 giant cockroaches
  2 goblins
  5 hobgoblins
  3 jackals (D:1)
  26 kobolds
  6 quokkas
  5 ball pythons
  4 bats
  4 frilled lizards
  6 rats
167 creatures vanquished.

Vanquished Creatures (others)
  An orc wizard (D:9)
1 creature vanquished.

Grand Total: 168 creatures vanquished

Notes
Turn   | Place    | Note
-------+----------+-------------------------------------------
     0 | D:1      | quakins the Minotaur Berserker began the quest for the Orb.
     0 | D:1      | Reached XP level 1. HP: 19/19 MP: 0/0
    90 | D:1      | Reached skill level 4 in Axes
   214 | D:1      | Reached XP level 2. HP: 26/26 MP: 1/1
   820 | D:2      | Noticed Jessica
   822 | D:2      | Noticed Sigmund
   825 | D:2      | Killed Jessica
   826 | D:2      | Reached skill level 5 in Axes
   826 | D:2      | Reached XP level 3. HP: 26/31 MP: 2/2
   832 | D:2      | Killed Sigmund
   833 | D:2      | Reached skill level 7 in Axes
   833 | D:2      | Reached XP level 4. HP: 33/39 MP: 3/3
   833 | D:2      | Reached XP level 5. HP: 39/45 MP: 4/4
   998 | D:2      | Reached ** piety under Trog
  1135 | D:2      | Found a hazy altar of Hepliaklqana.
  1135 | D:2      | Noticed Terence
  1141 | D:2      | Killed Terence
  1142 | D:2      | Reached skill level 8 in Axes
  1605 | D:3      | Found a faded altar of an unknown god.
  1689 | D:3      | Noticed Grinder
  1697 | D:3      | Killed Grinder
  1698 | D:3      | Reached skill level 9 in Axes
  1698 | D:3      | Reached XP level 6. HP: 51/51 MP: 5/5
  1906 | D:3      | Found an iron altar of Okawaru.
  2052 | D:3      | Reached XP level 7. HP: 51/57 MP: 6/6
  2273 | D:3      | Reached skill level 10 in Axes
  2757 | D:4      | Noticed Edmund
  2772 | D:4      | Killed Edmund
  2773 | D:4      | Reached skill level 11 in Axes
  3070 | D:4      | Found Maesebry's Jewellery Shop.
  3208 | D:5      | Entered Level 5 of the Dungeon
  3259 | D:5      | Reached XP level 8. HP: 64/64 MP: 7/7
  3285 | D:5      | Found a sparkling altar of Nemelex Xobeh.
  3317 | D:4      | Reached skill level 12 in Axes
  3752 | D:5      | Reached skill level 13 in Axes
  3876 | D:5      | Identified the +6 dagger of Qetuprepn {flame, *Noise rPois
                  | rCorr Dex+2}
  4531 | D:6      | Found a shimmering altar of Xom.
  4548 | D:6      | Reached skill level 14 in Axes
  4642 | D:6      | Found a staircase to the Ecumenical Temple.
  4875 | D:6      | Found a shimmering blue altar of Sif Muna.
  4931 | D:6      | Reached *** piety under Trog
  4932 | D:6      | Reached XP level 9. HP: 65/70 MP: 8/8
  5360 | D:7      | Found a broken altar of Ashenzari.
  5385 | D:7      | Noticed a gargoyle
  5393 | D:7      | Killed a gargoyle
  5394 | D:7      | Reached skill level 15 in Axes
  6180 | D:7      | Reached skill level 16 in Axes
  6715 | D:8      | Found a radiant altar of Vehumet.
  7053 | D:8      | Noticed a purple ugly thing
  7060 | D:8      | Killed a purple ugly thing
  7061 | D:8      | Reached skill level 17 in Axes
  7061 | D:8      | Reached XP level 10. HP: 77/77 MP: 9/9
  7486 | D:9      | Reached **** piety under Trog
  7790 | D:9      | HP: 2/77 [something (2)]
  7791 | D:9      | Slain by a vampire

Illustrated notes

Levels and vault maps discovered:
D:1:      sevenhm_arrival_forest_fort_small_1, layout_basic,
          kennysheep_minor_cross
D:2:      minmay_alternating_diamond, layout_basic, basic_altar, uniq_sigmund,
          uniq_jessica, uniq_terence
D:3:      layout_loops_corners, okawaru_gym_becter,
          nicolae_ecumenical_oubliette, uniq_grinder
D:4:      layout_rooms, serial_shops, nicolae_shop_behind_doors, uniq_edmund
D:5:      layout_rooms, mainiacjoe_overflow_brackets
D:6:      layout_cave_pools, mainiacjoe_overflow_24_doors,
          lemuel_blue_sif_altar, temple_pool_b
D:7:      layout_basic, evilmike_ruin_ashenzari
D:8:      layout_rooms, mainiacjoe_overflow_small_starburst
D:9:      layout_basic, lair_entry_dummy

Skill      XL: |  1  2  3  4  5  6  7  8  9 |
---------------+----------------------------+-----
Axes           | 4 5 7 9 11 14 17 | 17.4
Fighting       | |  3.6
Armour         | |  2.4
Dodging        | |  2.1

Action                   |  1- 3 |  4- 6 |  7- 9 | 10-12 || total
-------------------------+-------+-------+-------+-------++-------
Melee: Hand axe          |    37 |    50 |    54 |       ||   141
       Headbutt          |     6 |     7 |    44 |     9 ||    66
       War axe           |       |       |   207 |    66 ||   273
Invok: Berserk           |     1 |     1 |     8 |     1 ||    11
       Trog's Hand       |       |       |     3 |       ||     3
  Use: Scroll            |     2 |     6 |    12 |     3 ||    23
       Potion            |       |       |       |     1 ||     1
Armor: Chain mail        |    12 |    24 |    88 |    20 ||   144
       Animal skin       |     1 |       |       |       ||     1
Dodge: Dodged            |    19 |    23 |   116 |    20 ||   178
Block: Kite shield       |       |     6 |    65 |    14 ||    85
